 Dungeon Crawl Stone Soup version 0.30-a0-605-gb2882149bf (webtiles) character file.

Game seed: 17168255449399379095

109 Pooter the Trooper (level 4, -2/61 HPs)
             Began as a Gnoll Wanderer on Jan 8, 2023.
             Was a Believer of Vehumet.
             Slain by Ijyb
             ... wielding a +0 club
              (5 damage)
             ... on level 3 of the Dungeon.
             The game lasted 00:13:18 (1925 turns).

Pooter the Trooper (Gnoll Wanderer)                 Turns: 1925, Time: 00:13:19

Health: -2/61      AC:  0    Str: 13    XL:     4   Next: 89%
Magic:  1/5        EV: 21    Int: 13    God:    Vehumet [**....]
Gold:   149        SH:  0    Dex: 15    Spells: 3/5 levels left

rFire   . . .      SeeInvis .      - Unarmed
rCold   . . .      Faith    .    (shield currently unavailable)
rNeg    . . .      Spirit   .    (body armour currently unavailable)
rPois   .          Reflect  .    (helmet currently unavailable)
rElec   .          Harm     .    (cloak currently unavailable)
rCorr   .          Rampage  .    (gloves currently unavailable)
Will    .....                    (boots currently unavailable) Stlth
                                 (no amulet)
HPRegen 0.30/turn                (ring currently unavailable)
MPRegen 0.09/turn                (ring currently unavailable)

@: berserking (expiring), lethally poisoned (-2 -> -4), bat-form, flying, very
quick
A: fast, flying, no casting, tiny, (fangs 1), strong nose, distributed training
a: Renounce Religion


You were on level 3 of the Dungeon.
You worshipped Vehumet.
Vehumet was pleased with you.
You were a bat.
You visited 1 branch of the dungeon, and saw 3 of its levels.

You collected 149 gold pieces.

Inventory:

Hand Weapons
 a - a +2 spear (melded)
Missiles
 f - 4 poisoned darts
 g - 2 curare-tipped darts
 j - 6 boomerangs (quivered)
 Q - 45 stones
Armour
 c - a +0 helmet (melded)
 e - a +0 leather armour
 o - a +1 robe of positive energy (melded)
   (You found it on level 2 of the Dungeon)
Jewellery
 h - a ring of magical power (melded)
   (You found it on level 2 of the Dungeon)
Scrolls
 b - a scroll of fog
 i - a scroll of fear {unknown}
 l - a scroll of blinking {unknown}
 n - a scroll of identify {unknown}
 p - a scroll of poison {unknown}
 s - a scroll of amnesia {unknown}
 t - a scroll of teleportation {@r4}
 v - a scroll of vulnerability {unknown}
Potions
 d - a potion of berserk rage
 k - 2 potions of mutation {unknown}
 m - a potion of degeneration {unknown}
 q - a potion of magic {unknown}
 r - a potion of ambrosia {unknown}
 u - a potion of curing {unknown}


   Skills:
 + Level 6.6 Fighting
 + Level 1.3 Short Blades
 + Level 1.3 Long Blades
 + Level 1.3 Axes
 + Level 1.3 Maces & Flails
 + Level 4.7 Polearms
 + Level 1.3 Staves
 + Level 1.3 Ranged Weapons
 + Level 1.3 Throwing
 + Level 2.8 Armour
 + Level 4.7 Dodging
 + Level 2.6 Stealth
 + Level 1.3 Shields
 + Level 1.3 Unarmed Combat
 + Level 1.3 Spellcasting
 + Level 1.0 Conjurations
 + Level 1.0 Hexes
 + Level 1.0 Summonings
 + Level 1.0 Necromancy
 + Level 1.0 Translocations
 + Level 1.0 Transmutations
 + Level 1.0 Fire Magic
 + Level 1.0 Ice Magic
 + Level 1.0 Air Magic
 + Level 1.0 Earth Magic
 + Level 1.0 Poison Magic
 + Level 1.4 Invocations
 + Level 2.8 Evocations


You had 3 spell levels left.
You knew the following spells:

 Your Spells              Type           Power      Damage    Failure   Level
a - Magic Dart            Conj           12%        1d3       19%         1
b - Beastly Appendage     Tmut           6%         N/A       19%         1

Your spell library contained the following spells:

 Spells                   Type           Power      Damage    Failure   Level
 Wereblood                Tmut           3%         N/A       26%         2
 Spider Form              Tmut/Pois      3%         N/A       47%         3


Dungeon Overview and Level Annotations

Branches:
Dungeon (3/15)

Altars:
Vehumet

Annotations:
D:3 Ijyb


Innate Abilities, Weirdness & Mutations

You are a bat.
You are tiny and dextrous.
You move quickly.
You are flying.
Your equipment is almost entirely melded.
You are incapable of wielding weapons or throwing items.
You cannot cast spells.
((You have very sharp teeth.))
Your uncanny sense of smell can sniff out nearby items.
Your experience applies equally to all skills.


Message History

Your +1 robe of positive energy unmelds from your body.
Your ring of magical power unmelds from your body.
You feel more protected from negative energy.
You feel your magic capacity increase.
Ijyb zaps a wand.
You resist with some effort. The adder misses you.
Okay, then.
A red film seems to cover your vision as you go berserk!
You feel yourself moving faster!
You feel mighty! The adder closely misses you.
Ijyb zaps a wand.
You turn into a bat.
Your +2 spear melds into your body.
Your +0 helmet melds into your body.
Your +1 robe of positive energy melds into your body.
Your ring of magical power melds into your body.
You feel less protected from negative energy.
You feel your magic capacity decrease.
You hit Ijyb but do no damage. The adder barely misses you.
Ijyb hits you with a +0 club!
* * * LOW HITPOINT WARNING * * *
You hit Ijyb. The adder completely misses you. Ijyb misses you.
You hit Ijyb but do no damage. The adder barely misses you.
Unknown command.
You barely miss Ijyb. Ijyb misses you. The adder closely misses you.
Unknown command.
You hit Ijyb. You barely miss Ijyb. The adder misses you.
Ijyb hits you with a +0 club.
* * * LOW HITPOINT WARNING * * *
Unknown command.
You hit Ijyb but do no damage. The adder bites you.
* * * LOW HITPOINT WARNING * * *
You are poisoned.
The adder poisons you! Ijyb hits you with a +0 club.
* * * LOW HITPOINT WARNING * * *
You hit Ijyb but do no damage.
You feel sick. The adder bites you.
* * * LOW HITPOINT WARNING * * *
You hit Ijyb.
You feel sick. Ijyb completely misses you. The adder completely misses you.
Unknown command.
You hit Ijyb but do no damage.
Unknown command.
You hit Ijyb.
You feel sick. The adder completely misses you. Ijyb closely misses you.
Unknown command.
You hit Ijyb but do no damage.
You feel sick. The adder completely misses you. Ijyb barely misses you.
Unknown command.
You barely miss Ijyb. The adder bites you.
* * * LOW HITPOINT WARNING * * *
Ijyb hits you with a +0 club.
You die...

...# ∆ #.#### ##.#
#.####### #+###+#
#......## +.....+
#........ ∆ #.....#
###......##
#.....####........#
∆#.....#..#.#......#
#..gS.#..#...######
#+####b####'#...#
...............#########
)..............#........
#.............##.#######
##+####+####'#...#
#..##### #..# ####


You could see Ijyb and an adder.

Vanquished Creatures
  Jessica (D:2)
  2 adders
  A worm (D:2)
  2 dart slugs
  4 bats
  10 endoplasms
  3 giant cockroaches
  5 goblins
  5 hobgoblins
  4 kobolds
  4 quokkas
  3 ball pythons (D:3)
  A frilled lizard (D:2)
  5 rats
50 creatures vanquished.

Notes
Turn   | Place    | Note
-------+----------+-------------------------------------------
     0 | D:1      | Pooter the Gnoll Wanderer began the quest for the Orb.
     0 | D:1      | Pooter set off with the following items: a +2 spear, a
                  | scroll of fog, a +0 helmet, a potion of berserk rage, a +0
                  | leather armour.
     0 | D:1      | Reached XP level 1. HP: 23/23 MP: 1/1
   130 | D:1      | Reached XP level 2. HP: 25/29 MP: 2/2
   320 | D:1      | Found a faded altar of an unknown god.
   351 | D:1      | Prayed at the altar of an unknown god.
   351 | D:1      | Became a worshipper of Vehumet
   351 | D:1      | Reached * piety under Vehumet
   351 | D:1      | Offered knowledge of Magic Dart by Vehumet.
   354 | D:1      | Learned a level 1 spell: Magic Dart
   549 | D:1      | Reached XP level 3. HP: 35/35 MP: 3/3
   701 | D:2      | Reached skill level 1 in Invocations
   732 | D:2      | Noticed Jessica
   742 | D:2      | Reached skill level 1 in Short Blades
   742 | D:2      | Reached skill level 1 in Long Blades
   742 | D:2      | Reached skill level 1 in Axes
   742 | D:2      | Reached skill level 1 in Maces & Flails
   742 | D:2      | Reached skill level 1 in Staves
   742 | D:2      | Reached skill level 1 in Ranged Weapons
   742 | D:2      | Reached skill level 1 in Throwing
   742 | D:2      | Reached skill level 1 in Shields
   742 | D:2      | Reached skill level 1 in Unarmed Combat
   742 | D:2      | Reached skill level 1 in Spellcasting
   748 | D:2      | Killed Jessica
   749 | D:2      | Reached XP level 4. HP: 16/41 MP: 5/5
  1223 | D:2      | Reached skill level 1 in Conjurations
  1223 | D:2      | Reached skill level 1 in Hexes
  1223 | D:2      | Reached skill level 1 in Summonings
  1223 | D:2      | Reached skill level 1 in Necromancy
  1223 | D:2      | Reached skill level 1 in Translocations
  1223 | D:2      | Reached skill level 1 in Transmutations
  1223 | D:2      | Reached skill level 1 in Fire Magic
  1223 | D:2      | Reached skill level 1 in Ice Magic
  1223 | D:2      | Reached skill level 1 in Air Magic
  1223 | D:2      | Reached skill level 1 in Earth Magic
  1223 | D:2      | Reached skill level 1 in Poison Magic
  1547 | D:3      | Learned a level 1 spell: Beastly Appendage
  1852 | D:3      | Reached ** piety under Vehumet
  1894 | D:3      | Noticed Ijyb
  1924 | D:3      | HP: 3/61 [poisoned by an adder]
  1925 | D:3      | Slain by Ijyb

Illustrated notes

Levels and vault maps discovered:
D:1:      dpeg_arrival_arbitrary_a, layout_rooms,
          hellmonk_ecumenical_altar_slurped_away
D:2:      layout_loops_ring, hex_medium, minmay_box_of_dots, uniq_jessica
D:3:      layout_rooms, mainiacjoe_overflow_alcove_2, minmay_snake_closets,
          uniq_ijyb

Skill      XL: |  1  2  3  4 |
---------------+-------------+-----
Invocations    | 1 |  1.4
Short Blades   | 1 |  1.3
Long Blades    | 1 |  1.3
Axes           | 1 |  1.3
Maces & Flails | 1 |  1.3
Staves         | 1 |  1.3
Ranged Weapons | 1 |  1.3
Throwing       | 1 |  1.3
Shields        | 1 |  1.3
Unarmed Combat | 1 |  1.3
Spellcasting   | 1 |  1.3
Conjurations   | 1 |  1.0
Hexes          | 1 |  1.0
Summonings     | 1 |  1.0
Necromancy     | 1 |  1.0
Translocations | 1 |  1.0
Transmutations | 1 |  1.0
Fire Magic     | 1 |  1.0
Ice Magic      | 1 |  1.0
Air Magic      | 1 |  1.0
Earth Magic    | 1 |  1.0
Poison Magic   | 1 |  1.0
Fighting       | |  6.6
Polearms       | |  4.7
Armour         | |  2.8
Dodging        | |  4.7
Stealth        | |  2.6
Evocations     | |  2.8

Action                   |  1- 3 |  4- 6 || total
-------------------------+-------+-------++-------
Melee: Spear             |   106 |    51 ||   157
       Bite              |     4 |     3 ||     7
       Punch             |     1 |     1 ||     2
       Unarmed           |       |    28 ||    28
       Kick              |       |     5 ||     5
       Headbutt          |       |     2 ||     2
Throw: Boomerang         |       |     1 ||     1
 Cast: Magic Dart        |       |     2 ||     2
       Beastly Appendage |       |     2 ||     2
  Use: Scroll            |       |     1 ||     1
       Potion            |       |     1 ||     1
 Stab: Sleeping          |     4 |     5 ||     9
       Distracted        |       |     1 ||     1
Armor: Leather armour    |    25 |       ||    25
       Robe              |       |     3 ||     3
Dodge: Dodged            |    53 |    61 ||   114

Table legend: (Time is in decaauts)
 A = Elapsed time spent in this place.
 B = Non-inter-level travel time spent in this place.
 C = Inter-level travel time spent in this place.
 D = Time resting spent in this place.
 E = Time spent auto-exploring this place.
 F = Levels seen in this place.
 G = Mean time per level.
                   A        B        C        D        E       F      G
               +--------+--------+--------+--------+--------+-----+--------+
         Total |   1901 |   1872 |     29 |    222 |   1224 |   3 |  633.7 |
       Dungeon |   1901 |   1872 |     29 |    222 |   1224 |   3 |  633.7 |
               +--------+--------+--------+--------+--------+-----+--------+

Top non-repeatable levels by time:
     D:2: 880 daAuts
     D:1: 631 daAuts
     D:3: 389 daAuts
